 Dungeon Crawl Stone Soup version 0.25.0-15-gac7dcb8919 (webtiles) character file.

Game seed: 13278172518550525355

43 protoss039 the Digger (level 3, 0/19 HPs)
             Began as a Deep Elf Earth Elementalist on June 28, 2020.
             Slain by a goblin (1 damage)
             ... on level 2 of the Dungeon.
             The game lasted 00:02:31 (1262 turns).

protoss039 the Digger (Deep Elf Earth Elementalist) Turns: 1262, Time: 00:02:32

Health: 0/19       AC:  2    Str:  5    XL:     3   Next: 37%
Magic:  4/10       EV: 13    Int: 20    God:
Gold:   21         SH:  0    Dex: 15    Spells: 8/9 levels left

rFire    . . .     SeeInvis .   j - +0 spear
rCold    . . .     Gourm    .   (no shield)
rNeg     . . .     Faith    .   c - +0 robe
rPois    .         Spirit   .   (no helmet)
rElec    .         Reflect  .   (no cloak)
rCorr    .         Harm     .   (no gloves)
MR       .....                  (no boots)
Stlth    ++........             (no amulet)
HPRegen  0.06/turn              (no ring)
MPRegen  0.12/turn              (no ring)

@: brilliant, about to teleport, very slightly contaminated, invisible
A: no striking features
a: no special abilities


You were on level 2 of the Dungeon.
You were not hungry.

You visited 1 branch of the dungeon, and saw 2 of its levels.

You collected 21 gold pieces.

Inventory:

Hand Weapons
 j - a +0 spear (weapon)
Missiles
 b - 31 stones (quivered)
Armour
 c - a +0 robe (worn)
Scrolls
 a - a scroll of identify
Potions
 e - a potion of brilliance
Comestibles
 d - 2 rations


   Skills:
 - Level 2.4 Dodging
 - Level 2.4 Stealth
 * Level 3.9 Spellcasting
   Level 1.1 Transmutations
 * Level 4.4 Earth Magic


You had 8 spell levels left.
You knew the following spells:

 Your Spells              Type           Power        Failure   Level  Hunger
a - Sandblast             Erth           ####..       1%          1    None

Your spell library contained the following spells:

 Spells                   Type           Power        Failure   Level  Hunger
 Passwall                 Tmut/Erth      ###.....     6%          2    None
 Stone Arrow              Conj/Erth      ###...       16%         3    None
 Petrify                  Tmut/Erth      ###.....     38%         4    None
 Lee's Rapid Deconstruct  Erth           ####......   50%         5    None


Dungeon Overview and Level Annotations

Branches:
Dungeon (2/15)

Altars:


Message History

It is a scroll of identify.
h - a potion of invisibility The giant cockroach closely misses you.
The goblin misses you.
Unknown command.
You fade into invisibility!
The giant cockroach barely misses you. The goblin closely misses you.
The giant cockroach misses you.
You are very lightly contaminated with residual magic.
Unknown command.
Okay, then.
As you read the scroll labeled NIN BAEGHE, it crumbles to dust.
You feel aware of your surroundings.
It was a scroll of magic mapping.
The goblin closely misses you. The giant cockroach bites you.
* * * LOW HITPOINT WARNING * * *
Unknown command.
Okay, then.
As you read the scroll labeled IRROES NAGG, it crumbles to dust.
You feel strangely unstable.
It was a scroll of teleportation.
The goblin hits you.
You die...

*,,,,,#.#.###,,,,,*,,,,,,,,* *
*,,.,,#.#...#,,,,,*,,,,,,,,* *
*,,..,#.###g#,,,,,*******,****
*,,...#.###.#,,,,,*******,,,,,
*,,.......g.#*******,,,,,,,,,*
*,,........w# *,,,,,,,,,,
*,,........## *,,,,,,,,,,
***##..g.w.#########,,,,,,,,,,
#.....gKs@.....#,,,,,,,,,*
#####...gg....(#,,,,,,,,,*
#...S..$.....*********
#########....* *,...* *,,..*
*,,,.* *,,,,* *,,,,*


You could see a worm, an adder, a giant cockroach, a hobgoblin, 3 goblins and a
kobold.

Vanquished Creatures
  Robin (D:2)
  An adder (D:2)
  4 goblins
  5 hobgoblins (D:1)
  3 jackals (D:1)
  2 bats (D:1)
  A frilled lizard (D:1)
  3 kobolds (D:1)
  2 rats
22 creatures vanquished.

Notes
Turn   | Place    | Note
-------+----------+-------------------------------------------
     0 | D:1      | protoss039 the Deep Elf Earth Elementalist began the quest
                  | for the Orb.
     0 | D:1      | Reached XP level 1. HP: 10/10 MP: 6/6
    61 | D:1      | Reached XP level 2. HP: 2/15 MP: 0/8
   687 | D:1      | Reached skill level 4 in Earth Magic
  1219 | D:2      | Noticed Robin
  1228 | D:2      | Killed Robin
  1228 | D:2      | Reached XP level 3. HP: 16/19 MP: 1/10
  1262 | D:2      | Slain by a goblin

Illustrated notes

Levels and vault maps discovered:
D:1:      erik_arrival_triangle_large, layout_loops_cross, feat_on_display
D:2:      layout_basic, kennysheep_jessica_study, uniq_sigmund, uniq_robin

Skill      XL: |  1  2 |
---------------+-------+-----
Earth Magic    | 4 |  4.4
Dodging        | |  2.4
Stealth        | |  2.4
Spellcasting   | |  3.9
Transmutations | |  1.1

Action                   || total
-------------------------++-------
Melee: Unarmed           ||     4
       Spear             ||     2
       Dagger            ||     1
 Cast: Sandblast         ||    29
  Use: Scroll            ||     3
       Potion            ||     2
  Eat: Chunk             ||     1
Armor: Robe              ||     6
Dodge: Dodged            ||    33
